 Dungeon Crawl Stone Soup version 0.27.0-1-g7a089689b8 (webtiles) character file.

Game seed: 5336351224820828234

21796 horus123 the Distorting Demonspawn (level 12, -1/89 HPs)
             Began as a Demonspawn Abyssal Knight on Aug 15, 2021.
             Was a Believer of Lugonu.
             Succumbed to a tengu reaver's bolt of poison
             ... on level 12 of the Dungeon on Aug 16, 2021.
             The game lasted 01:04:43 (17062 turns).

horus123 the Distorting Demonspawn (DsAK)          Turns: 17062, Time: 01:04:44

Health: -1/89      AC: 35    Str: 21    XL:     12   Next: 57%
Magic:  20/20      EV:  8    Int: 21    God:    Lugonu [**....]
Gold:   359        SH: 18    Dex: 13    Spells: 16/20 levels left

rFire    . . .     SeeInvis .   i - +5 falchion (protect)
rCold    . . .     Faith    .   w - +3 kite shield
rNeg     . . .     Spirit   .   t - +8 shadow dragon scales "Idiavi" {Str+7 Int+4 Stlth++++}
rPois    .         Reflect  .   q - +2 helmet
rElec    .         Harm     .   y - +2 cloak
rCorr    .         Rampage  .   x - +0 pair of gloves
Will     .....                  (boots unavailable)
Stlth    +++++.....             L - amulet of magic regeneration
HPRegen  0.24/turn              g - +4 ring of protection
MPRegen  0.42/turn              l - +4 ring of protection

@: lethally poisoned (-1 -> -9), corroded
A: talons 3, icy blue scales 2, demonic guardian 2, condensation shield
a: Renounce Religion, Depart the Abyss, Bend Space


You were on level 12 of the Dungeon.
You worshipped Lugonu.
Lugonu was pleased with you.
You visited 2 branches of the dungeon, and saw 14 of its levels.
You visited the Abyss 2 times.

You collected 651 gold pieces.
You spent 292 gold pieces at shops.

Inventory:

Hand Weapons
 a - a +1 falchion
 b - a +4 scimitar of draining
 i - a +5 falchion of protection (weapon)
 F - a +4 falchion
 G - a +3 long sword
Missiles
 H - a throwing net
Armour
 q - a +2 helmet (worn)
 t - the +8 shadow dragon scales "Idiavi" (worn) {Str+7 Int+4 Stlth++++}
   (You acquired it on level 6 of the Dungeon)

   Str:       It affects your strength (+7).
   Int:       It affects your intelligence (+4).
   Stlth:     It makes you much more stealthy.
 w - a +3 kite shield (worn)
 x - a +0 pair of gloves (worn)
 y - a +2 cloak (worn)
Magical Staves
 d - a staff of earth
Jewellery
 g - a +4 ring of protection (left hand)
 l - a +4 ring of protection (right hand)
 o - a ring of magical power
 L - an amulet of magic regeneration (around neck)
Wands
 z - a wand of flame (14)
 E - a wand of iceblast (9)
Scrolls
 j - 2 scrolls of identify
 k - 2 scrolls of fog
 p - a scroll of enchant weapon
 s - 2 scrolls of magic mapping
 u - 3 scrolls of teleportation
 A - 2 scrolls of fear
 B - a scroll of blinking
 D - 3 scrolls of amnesia
Potions
 c - a potion of invisibility
 e - 3 potions of flight
 f - 3 potions of brilliance
 h - 2 potions of resistance
 m - 2 potions of mutation {unknown}
 n - a potion of cancellation
 r - 2 potions of ambrosia {unknown}
 v - 2 potions of attraction {unknown}
 I - a potion of might {unknown}
 J - a potion of haste {unknown}
 K - 2 potions of curing {unknown}


   Skills:
 + Level 6.6 Fighting
 + Level 9.3 Long Blades
 + Level 5.3 Armour
 + Level 4.5 Dodging
 * Level 8.3 Stealth
 + Level 7.6 Shields
 + Level 4.8 Spellcasting
 + Level 3.1 Conjurations
 + Level 1.4 Hexes
 + Level 2.1 Summonings
 * Level 11.5 Invocations


You had 16 spell levels left.
You knew the following spells:

 Your Spells              Type           Power      Damage    Failure   Level
a - Corona                Hex            12%        N/A       80%         1
b - Magic Dart            Conj           72%        1d6       56%         1
c - Call Imp              Summ           14%        N/A       83%         2

Your spell library contained the following spells:

 Spells                   Type           Power      Damage    Failure   Level
 Summon Small Mammal      Summ           56%        N/A       69%         1
 Animate Skeleton         Necr           10%        N/A       94%         1
 Apportation              Tloc           10%        N/A       94%         1
 Freeze                   Ice            20%        1d4       94%         1
 Sting                    Tmut/Pois      20%        1d4       94%         1
 Call Canine Familiar     Summ           14%        N/A       96%         3
 Poisonous Vapours        Pois/Air       10%        N/A       98%         2
 Summon Guardian Golem    Hex/Summ       12%        N/A       98%         3
 Mephitic Cloud           Conj/Pois/Air  9%         N/A       99%         3
 Frozen Ramparts          Ice            10%        1d3       100%        3
 Hailstorm                Conj/Ice       11%        3d5       100%        4
 Olgreb's Toxic Radiance  Pois           5%         N/A       100%        4


Dungeon Overview and Level Annotations

Branches:
Dungeon (13/15)            Temple (1/1) D:4            Lair (0/6) D:8
    Orc (0/2) D:9
 Vaults: D:13-14

Altars:
Dithmenos
Fedhas
Vehumet
Yredelemnul
The Shining One

Shops:
D:1 *   D:3 :   D:4 ?   D:10 ?((:

Annotations:
D:4 1 runed translucent door, Thraspic's ghost, novice SpDe
Abyss:1 Erolcha; Fannar


Innate Abilities, Weirdness & Mutations

You have claws for feet.
You are mostly covered in icy blue scales. (AC +3)
A demonic guardian rushes to your aid.
A meltable shield of frost defends you. (SH +4)


Message History

You hit the tengu reaver but do no damage.
The tengu reaver is lightly wounded.
You feel very sick.
The tengu reaver gestures at you while chanting.
The bolt of poison hits you!
You are more poisoned.
You hit the tengu reaver but do no damage.
You claw the tengu reaver, but do no damage.
The tengu reaver is lightly wounded.
You feel extremely sick. You block the tengu reaver's attack.
The tengu reaver pecks you but does no damage.
The tengu reaver claws you.
You completely miss the tengu reaver.
You claw the tengu reaver, but do no damage.
The tengu reaver is lightly wounded.
You feel extremely sick.
The tengu reaver hits you but does no damage.
You block the tengu reaver's attack.
The tengu reaver claws you but does no damage.
You closely miss the tengu reaver. Your kick misses the tengu reaver.
The tengu reaver is lightly wounded.
You feel very sick.
The tengu reaver hits you with a +0 great mace of protection!!
* * * LOW HITPOINT WARNING * * *
A demonic guardian appears!
The tengu reaver pecks you but does no damage.
The tengu reaver completely misses you.
Okay, then.
Space bends sharply around you!
The tengu reaver blinks!
You blink.
* * * LOW HITPOINT WARNING * * *
You feel very sick.
* * * LOW HITPOINT WARNING * * *
You feel very sick.
* * * LOW HITPOINT WARNING * * *
You feel very sick.
* * * LOW HITPOINT WARNING * * *
You feel very sick.
There is a stone staircase leading up, spattered with blood here.
You die...

#)##.........
###)##.###.....
#..cB{.# #....#
#....#○#########
#.#.#.##..#
##..#.#..#..#
#..#..#.####o.
#.###...# B..#
#########.@#..###
..#
#.......Q3....#
##..
#.########...##
... #######.#
##....# ..
........# #.####
######.......#
#.#
.........###.#
#.# ....^.....#
..# #########...
...


You could see a tengu reaver (ally target) and a friendly soul eater (summoned).

Vanquished Creatures
  2 boulder beetles (D:12)
  4 two-headed ogres
  A centaur warrior (D:13)
  2 deep elf pyromancers (D:12)
  2 cyclopes (D:12)
  A gargoyle (D:12)
  2 kobold demonologists
  The ghost of pigah the Gusty, a novice OpAE (D:5)
  2 slime creatures (D:12)
  2 hornets (D:8)
  3 trolls
  2 shadows
  A wraith (D:9)
  2 wyverns (D:8)
  A steam dragon (D:8)
  6 vampire mosquitoes
  A basilisk (D:12)
  An acid dragon (D:8)
  3 water moccasins
  A black bear (D:6)
  A hornet zombie (D:6)
  A sky beast (D:8)
  An orc warrior (D:10)
  2 ogres
  2 necrophages
  12 centaurs
  2 phantoms
  2 lemures (D:8)
  2 bullfrogs (D:6)
  2 gnoll sergeants
  A scorpion (D:6)
  A wyvern zombie (D:8)
  A water moccasin zombie (D:5)
  A troll zombie (D:9)
  20 killer bees
  17 wights
  An electric eel (D:8)
  4 centaur zombies
  2 howler monkeys
  A gnoll shaman (D:8)
  3 orc priests
  A centaur skeleton (D:6)
  10 hounds
  9 orc wizards
  5 iguanas
  2 killer bee zombies (D:8)
  5 ogre zombies (D:9)
  A hound skeleton (D:4)
  3 howler monkey zombies
  6 gnolls
  4 adders
  2 white imps (D:8)
  An ufetubus (D:4)
  A dart slug (D:1)
  24 orcs
  6 ball pythons
  4 bats
  2 endoplasms (D:1)
  4 giant cockroaches
  6 goblins
  5 hobgoblins
  2 jackals (D:1)
  8 kobolds
  4 quokkas
  4 frilled lizards
  2 goblin skeletons (D:9)
  A goblin zombie (D:9)
  2 hobgoblin skeletons (D:9)
  A hobgoblin zombie (D:9)
  3 orc skeletons (D:9)
  10 orc zombies (D:9)
  A quokka skeleton (D:4)
  3 rats
261 creatures vanquished.

Vanquished Creatures (collateral kills)
  Pikel (D:8)
  2 slime creatures (D:12)
  An ugly thing (D:6)
  Eustachio (D:4)
  2 water moccasins
  A black bear (D:8)
  A necrophage (D:4)
  An orc warrior (D:4)
  2 kobold brigands
  A gnoll sergeant (D:6)
  2 wights
  2 orc wizards
  An adder (D:4)
  3 gnolls (D:5)
  4 orcs
  A ball python (D:4)
  A jackal (D:4)
  A quokka (D:4)
  A kobold (D:4)
29 creatures vanquished.

Vanquished Creatures (others)
  A plant (D:8)
1 creature vanquished.

Grand Total: 291 creatures vanquished

Notes
Turn   | Place    | Note
-------+----------+-------------------------------------------
     0 | Abyss:1  | horus123 the Demonspawn Abyssal Knight began the quest for
                  | the Orb.
     0 | Abyss:1  | Reached XP level 1. HP: 18/18 MP: 2/2
     5 | Abyss:1  | Noticed a worldbinder
     8 | Abyss:1  | Noticed a cane toad
     8 | Abyss:1  | Noticed a cane toad
     8 | Abyss:1  | Noticed a blink frog
     9 | D:1      | Escaped the Abyss
   403 | D:1      | Reached * piety under Lugonu
   404 | D:1      | Gained mutation: A weak demonic guardian rushes to your
                  | aid. [demonic ancestry]
   404 | D:1      | Reached XP level 2. HP: 18/24 MP: 3/3
   732 | D:1      | Found a faded altar of an unknown god.
  1052 | D:1      | Found Dyzoafo's General Store.
  1104 | D:1      | Gained mutation: A demonic guardian rushes to your aid.
                  | [demonic ancestry]
  1104 | D:1      | Reached XP level 3. HP: 29/29 MP: 4/4
  1414 | D:2      | Reached skill level 1 in Dodging
  1516 | D:2      | Learned a level 1 spell: Corona
  2273 | D:3      | Found Goasugy's Book Shoppe.
  2709 | D:3      | Reached skill level 1 in Spellcasting
  2845 | D:4      | Gained mutation: You have sharp toenails. [demonic
                  | ancestry]
  2845 | D:4      | Reached XP level 4. HP: 24/37 MP: 5/5
  3157 | D:4      | Learned a level 1 spell: Magic Dart
  3207 | D:4      | Reached skill level 1 in Hexes
  3217 | D:4      | Gained mutation: A meltable shield of frost defends you.
                  | (SH +4) [demonic ancestry]
  3217 | D:4      | Reached XP level 5. HP: 12/42 MP: 7/7
  3550 | D:4      | Found Cenaujuy's Magic Scroll Emporium.
  3686 | D:4      | Noticed an ogre
  3756 | D:4      | Noticed Eustachio
  3759 | D:4      | Found a staircase to the Ecumenical Temple.
  3767 | D:4      | Found a runed translucent door.
  3769 | Temple   | Entered the Ecumenical Temple
  3927 | Temple   | Killed an ogre
  3928 | Temple   | Reached skill level 1 in Conjurations
  4185 | D:4      | Killed Eustachio
  4186 | D:4      | Gained mutation: You are partially covered in icy blue
                  | scales. (AC +2) [demonic ancestry]
  4186 | D:4      | Reached XP level 6. HP: 22/48 MP: 9/9
  4411 | D:4      | Learned a level 2 spell: Call Imp
  4688 | D:4      | Noticed a water moccasin
  4688 | D:4      | Noticed an orc warrior
  4716 | D:4      | Killed a water moccasin
  4972 | D:4      | Noticed Thraspic's ghost (novice SpDe)
  5235 | D:4      | Killed an orc warrior
  5236 | D:4      | Reached skill level 1 in Shields
  5236 | D:4      | Gained mutation: You are mostly covered in icy blue scales.
                  | (AC +3) [demonic ancestry]
  5236 | D:4      | Reached XP level 7. HP: 7/54 MP: 11/11
  5545 | D:4      | Reached ** piety under Lugonu
  5727 | D:4      | Reached skill level 1 in Summonings
  6011 | D:5      | Entered Level 5 of the Dungeon
  6202 | D:5      | Noticed a two-headed ogre
  6203 | D:5      | Noticed pigah's ghost (novice OpAE)
  6210 | D:5      | Found a runed translucent gate.
  6210 | D:5      | Found a runed translucent gate.
  6212 | D:5      | Found a runed translucent gate.
  6324 | D:5      | Reached skill level 1 in Stealth
  6960 | D:5      | Killed pigah's ghost
  6961 | D:5      | Reached skill level 3 in Invocations
  6961 | D:5      | Gained mutation: You have razor-sharp toenails. [demonic
                  | ancestry]
  6961 | D:5      | Reached XP level 8. HP: 55/61 MP: 7/13
  6966 | D:5      | Killed a two-headed ogre
  6967 | D:5      | Reached skill level 5 in Long Blades
  6967 | D:5      | Reached skill level 4 in Invocations
  7034 | D:5      | Identified the +3 leather armour of the Shining Light
                  | {Str+3}
  7183 | D:6      | Identified a scroll of acquirement
  7183 | D:6      | Acquired the +8 shadow dragon scales "Idiavi" {Str+7 Int+4
                  | Stlth++++}
  7225 | D:6      | Reached XP level 9. HP: 66/66 MP: 14/16
  7280 | D:6      | Reached skill level 5 in Invocations
  7326 | D:6      | Reached *** piety under Lugonu
  7726 | D:6      | Noticed a green ugly thing
  7755 | D:6      | Killed a green ugly thing
  7756 | D:6      | Reached skill level 6 in Invocations
  8511 | D:7      | Reached skill level 5 in Fighting
  8578 | D:7      | Identified the +3 plate armour "Unaidghask" {rF+}
  9015 | D:8      | Noticed a two-headed ogre
  9030 | D:8      | Killed a two-headed ogre
  9031 | D:8      | Reached skill level 7 in Invocations
  9031 | D:8      | Gained mutation: You have claws for feet. [demonic
                  | ancestry]
  9031 | D:8      | Reached XP level 10. HP: 21/74 MP: 17/17
  9868 | D:8      | Reached skill level 5 in Stealth
 10200 | D:8      | Found a staircase to the Lair.
 10227 | D:8      | Noticed Pikel
 10271 | D:8      | Paralysed by a hornet for 3 turns
 10325 | D:8      | Killed Pikel
 10326 | D:8      | Reached skill level 8 in Invocations
 11011 | D:8      | Paralysed by a hornet for 2 turns
 11605 | D:9      | Reached skill level 5 in Shields
 11610 | D:9      | Noticed a two-headed ogre
 11645 | D:9      | Killed a two-headed ogre
 11646 | D:9      | Reached XP level 11. HP: 33/81 MP: 15/18
 12016 | D:9      | Reached **** piety under Lugonu
 12028 | D:9      | Found a staircase to the Orcish Mines.
 12248 | D:9      | Noticed a two-headed ogre
 12261 | D:9      | Banished a two-headed ogre
 12746 | D:10     | Entered Level 10 of the Dungeon
 12762 | D:10     | Reached skill level 9 in Invocations
 12975 | D:10     | Found Qeox's Magic Scroll Shop.
 13092 | D:10     | Bought 3 scrolls of enchant armour for 292 gold pieces
 13210 | D:10     | Reached ***** piety under Lugonu
 13458 | D:10     | Found Nuluoby's Weapon Emporium.
 13840 | D:10     | Found Lupluzef's Weapon Boutique.
 13886 | D:10     | Noticed Fannar
 13891 | D:10     | Noticed Erolcha
 13894 | D:10     | Banished Erolcha
 13937 | D:10     | Banished Fannar
 14652 | D:10     | Found Rosece's Book Emporium.
 14722 | D:11     | You fall into a shaft and drop 2 floors!
 14723 | D:13     | Noticed a centaur warrior
 14745 | D:13     | Killed a centaur warrior
 14746 | D:13     | Reached skill level 10 in Invocations
 14877 | D:12     | Noticed a deep elf pyromancer
 14895 | D:12     | Killed a deep elf pyromancer
 15371 | D:12     | Reached XP level 12. HP: 88/88 MP: 19/19
 15379 | D:12     | Noticed a two-headed ogre
 15391 | D:12     | Killed a two-headed ogre
 15545 | D:12     | Escaped the Abyss
 16199 | D:12     | Noticed a boulder beetle
 16199 | D:12     | Noticed a boulder beetle
 16220 | D:12     | Noticed a centaur warrior
 16232 | D:12     | Noticed a death knight
 16234 | D:12     | Noticed a boulder beetle
 16236 | D:12     | Banished a boulder beetle
 16237 | D:12     | Reached skill level 5 in Armour
 16240 | D:12     | Noticed a boulder beetle
 16240 | D:12     | Banished a boulder beetle
 16283 | D:12     | Reached skill level 11 in Invocations
 16292 | D:12     | Banished a death knight
 16759 | D:12     | Killed a boulder beetle
 16770 | D:12     | Killed a boulder beetle
 16880 | D:11     | Noticed a seven-headed hydra
 17042 | D:12     | Noticed a tengu reaver
 17060 | D:12     | HP: 4/89 [poisoned by a tengu reaver (bolt of poison)]
 17061 | D:12     | HP: 1/89 [poisoned by a tengu reaver (bolt of poison)]
 17062 | D:12     | Succumbed to a tengu reaver's bolt of poison

Illustrated notes

Levels and vault maps discovered:
D:1:      lemuel_arrival_rhombus, layout_loops_ring,
          dreamdust_ecumenical_altar_grove, serial_shops,
          nicolae_shop_waterfront, minmay_curled_crystal
D:2:      layout_basic
D:3:      layout_rooms, nicolae_tso_swordbearing_angel, serial_shops,
          nicolae_diamond_shop, kennysheep_path_1
D:4:      layout_basic, temple_fountains, serial_shops, shop,
          ebering_ghost_reflecting_pool, minmay_divided_ellipse, uniq_eustachio
D:5:      layout_basic, gammafunk_ghost_split
D:6:      minmay_thinvault, layout_basic
D:7:      layout_rooms
D:8:      layout_rooms, lair_entry_dummy, serial_co_window_serial,
          co_window_corner_a, co_window_paths_a, co_window_corner_a,
          co_window_paths_a, co_window_of_opportunity_a,
          co_window_of_opportunity_a, co_window_corner_a, co_window_broadway_a,
          co_window_corner_cb, co_window_unsneaky_path_e, co_window_corner_b,
          co_window_2corner, glass_columns_a, serial_bayou_pond_b,
          grunt_ogre_cave, kennysheep_kite_vault, uniq_pikel
D:9:      layout_basic, zombieorc1_lemuel
D:10:     layout_layer_cave, serial_shops, nicolae_square_shop,
          nicolae_shop_stone, nicolae_shop_statue_plus,
          nicolae_shop_competitors_out_of_business, minmay_misc_feat_diagonals,
          uniq_fannar, uniq_erolcha
D:11:     layout_gridville, mrwooster_statue_mirror, minmay_misc_feat_encased,
          grunt_decor_junction
D:12:     minmay_expanding_squares, layout_loops_ring, gauntlet_entry_generic
D:13:     layout_roguey, gammafunk_ghost_mausoleum, uniq_maurice, uniq_urug
Temple:   compressed_dpeg_circular_temple

Skill      XL: |  1  2  3  4  5  6  7  8  9 10 11 12 |
---------------+-------------------------------------+-----
Long Blades    | 2 3 4 5 6 7 8 9 |  9.3
Armour         | 2 4 5 |  5.3
Dodging        | 1 2 3 4 |  4.5
Spellcasting   | 1 2 3 4 |  4.8
Hexes          | 1 |  1.4
Conjurations   | 1 2 3 |  3.1
Fighting       | 4 5 6 |  6.6
Shields        | 1 3 5 6 7 |  7.6
Summonings     | 1 2 |  2.1
Stealth        | 1 2 4 6 7 8 |  8.3
Invocations    | 3 4 7 8 10 11 | 11.5

Action                   |  1- 3 |  4- 6 |  7- 9 | 10-12 || total
-------------------------+-------+-------+-------+-------++-------
Melee: Falchion          |   105 |   126 |   291 |   998 ||  1520
       Kick              |       |    35 |    79 |   394 ||   508
 Cast: Corona            |    13 |     8 |       |       ||    21
       Magic Dart        |       |    11 |    21 |       ||    32
       Call Imp          |       |     4 |    10 |       ||    14
Invok: Depart the Abyss  |     1 |       |       |     1 ||     2
       Banish            |       |       |     2 |     9 ||    11
       Bend Space        |       |       |     1 |     7 ||     8
       Enter the Abyss   |       |       |       |     1 ||     1
  Use: Scroll            |     6 |     5 |    10 |    13 ||    34
       Potion            |       |     1 |     1 |     5 ||     7
 Stab: Sleeping          |     1 |     1 |     5 |    17 ||    24
Armor: Leather armour    |    32 |       |     1 |       ||    33
       Robe              |     3 |    78 |    44 |       ||   125
       Shadow dragon sca |       |       |   135 |   748 ||   883
Dodge: Dodged            |    68 |    95 |   114 |   266 ||   543
Block: Other             |       |    33 |    34 |       ||    67
       Kite shield       |       |       |    81 |   966 ||  1047
       Rpst.: Falchion   |    24 |    25 |    42 |    63 ||   154
